 Dungeon Crawl Stone Soup version 0.16.0-14-g63f578d (console) character file.

41 gw the Skirmisher (level 3, -1/23 HPs)
             Began as a Deep Elf Berserker on Mar 19, 2015.
             Was a Believer of Trog.
             Slain by a worm (8 damage)
             ... on level 2 of the Dungeon.
             The game lasted 00:01:14 (1304 turns).

gw the Skirmisher (Deep Elf Berserker)              Turns: 1304, Time: 00:01:14

Health: -1/23      AC:  6    Str: 11 (14) XL:     3   Next: 32%
Magic:  6/6        EV:  9    Int: 11      God:    Trog [**....]
Gold:   49         SH:  0    Dex: 17      Spells: 0 memorised, 2 levels left

rFire  . . .     SeeInvis .     a - +0 short sword
rCold  . . .     Clarity  .     m - +0 scale mail
rNeg   . . .     SustAb   .     (no shield)
rPois  .         Gourm    .     (no helmet)
rElec  .         Spirit   .     (no cloak)
rCorr  .         Warding  .     (no gloves)
rMut   .         Stasis   .     (no boots)
MR     .....                    (no amulet)
Stlth  ..........               (no ring)
                                f - +2 ring of dexterity

@: very slightly contaminated, not resistant to hostile enchantments, extremely
unstealthy
A: no striking features
a: Burn Spellbooks, Berserk, Trog's Hand, Renounce Religion


You were on level 2 of the Dungeon.
You worshipped Trog.
Trog was pleased with you.
You were hungry.

You visited 1 branch of the dungeon, and saw 2 of its levels.

You collected 49 gold pieces.

Inventory:

Hand weapons
 a - a +0 short sword (weapon)
Missiles
 d - 9 arrows of frost
Armour
 m - a +0 scale mail (worn)
Jewellery
 f - a +2 ring of dexterity (left hand)
Scrolls
 b - a scroll of remove curse {unknown}
 h - 2 scrolls of identify
Potions
 e - 2 potions of curing
 g - a potion of haste
Comestibles
 c - a bread ration


   Skills:
 + Level 3.1 Fighting
 - Level 3.0 Short Blades
 + Level 2.3 Armour
 - Level 2.4 Dodging


You had 2 spell levels left.
You didn't know any spells.

Dungeon Overview and Level Annotations

Branches:
Dungeon (2/15)

Altars:
Gozag


Message History

ATTACKING (1,0)
You hit the worm.
The worm is heavily wounded.
Unknown command.
Unknown command.
Unknown command.
Unknown command.
ATTACKING (1,0)
Your scale mail prevents you from hitting the worm.
The worm is heavily wounded.
The worm bites you.
Unknown command.
Unknown command.
Unknown command.
Unknown command.
ATTACKING (1,0)
You hit the worm!
The worm is almost dead.
The worm bites you!
You die...

#.#.### #####...
#.._..# #.##
###.#.# .......
#.....# #...##
###.### #..####
#...###..# #.#
#........### #.#
##.#####...#####
##.# ###..ew.####
.....
#####.%..#....[..
####.........
##........
....... #......
...... .w... ...


You could see a worm.

Table legend:
 A = Turns spent in this place as a percentage of turns spent in the entire game.
 B = Non-inter-level travel turns spent in this place as a percentage of non-inter-level travel turns spent in the entire game.
 C = Inter-level travel turns spent in this place as a percentage of turns spent in this place.
 D = Turns resting spent in this place as a percentage of non-inter-level travel turns spent in this place.
 E = Turns spent auto-exploring this place as a percentage of non-inter-level travel turns spent in this place.
 F = Non-inter-level travel turns spent in this place divided by the number of levels of this place that you've seen.
                   A       B       C       D       E      F
               +-------+-------+-------+-------+-------+----------------------
         Total | 100.0 | 100.0 |   0.0 |   0.6 |   2.8 | 1215.5
       Dungeon | 100.0 | 100.0 |   0.0 |   0.6 |   2.8 | 1215.5
               +-------+-------+-------+-------+-------+----------------------

Table legend:
 A = Kills in this place as a percentage of kills in entire the game.
 B = Kills by you in this place as a percentage of kills by you in the entire game.
 C = Kills by friends in this place as a percentage of kills by friends in the entire game.
 D = Other kills in this place as a percentage of other kills in the entire game.
 E = Experience gained in this place as a percentage of experience gained in the entire game.
 F = Experience gained in this place divided by the number of levels of this place that you have seen.
                   A       B       C       D       E      F
               +-------+-------+-------+-------+-------+----------------------
         Total | 100.0 | 100.0 |  -nan |  -nan | 100.0 |  29.5
       Dungeon | 100.0 | 100.0 |  -nan |  -nan | 100.0 |  29.5
               +-------+-------+-------+-------+-------+----------------------

Vanquished Creatures
  A gnoll (D:1)
  A giant gecko (D:1)
  An ooze (D:2)
  A giant cockroach (D:1)
  6 hobgoblins
  4 kobolds (D:1)
  6 bats
  A giant newt (D:1)
  3 goblins (D:1)
  7 rats
31 creatures vanquished.

Notes
Turn   | Place    | Note
--------------------------------------------------------------
     0 | D:1      | gw, the Deep Elf Berserker, began the quest for the Orb.
     0 | D:1      | Reached XP level 1. HP: 13/13 MP: 2/2
   289 | D:1      | Reached XP level 2. HP: 18/18 MP: 4/4
   369 | D:1      | Acquired Trog's second power
   836 | D:1      | Reached XP level 3. HP: 23/23 MP: 6/6
  1237 | D:2      | Found an opulent altar of Gozag.
  1304 | D:2      | Slain by a worm

Action                   || total
-------------------------++-------
Melee: Short sword       ||    83
Invok: Berserk           ||     1
  Use: Scroll            ||     4
       Potion            ||     3
 Stab: Sleeping          ||     1
  Eat: Chunk             ||     2

Vault maps used:
D:1:      sevenhm_arrival_forest_fort_small_6, grunt_decor_fettered
D:2:      serial_curves, eino_curves_02, eino_curves_04,
          nicolae_gozag_cash_rules_everything_around_me
